Arrhythmia, chaotic female vampiric Convict -------- -------- |0%%....## |.!=%!!| |0.%...| # |.(?)/!| |%.....| ##%-.[.%!%| |......| |.(![(!| |...@T$| |.==[()| -----.-- -------- ## Arrhythmia the Prisoner Experience level: 10 Strength: 16 Dexterity: 16 Constitution: 18 Intelligence: 13 Wisdom: 7 Charisma: 7 Health: 0(97) Energy: 49(49) AC: -6 Gold: 722 Moves: 7034 Your Inventory: Coins $ - 722 gold pieces Armor b - a cursed +0 striped shirt (being worn) e - an [uncursed] +0 pair of old gloves [leather] (being worn) l - an [uncursed] +0 pair of elven boots (being worn) o - an [uncursed] +0 blue and green shield [elven] (being worn) q - an [uncursed] +0 leather hat [elven leather helm] (being worn) t - an uncursed +0 dwarvish mithril-coat (being worn) x - an uncursed +1 cloak of displacement (being worn) Scrolls y - an [uncursed] scroll labeled YUM YUM [of destroy armor] z - a [cursed] scroll labeled VE FORBRYDERNE [of confuse monster] A - an [uncursed] scroll of flood C - 2 [uncursed] scrolls labeled ELBIB YLOH [of light] D - a [cursed] scroll labeled MAPIRO MAHAMA DIROMAT [of create monster] E - an [uncursed] scroll labeled MAPIRO MAHAMA DIROMAT [of create monster] F - a [blessed] scroll labeled ELBIB YLOH [of light] Potions g - a [cursed] potion called water [of unholy water] G - a [cursed] magenta potion [of booze] Wands s - an [uncursed] wand of enlightenment [0:10] Tools i - an uncursed skeleton key n - a blessed magic lamp r - an [uncursed] expensive camera [0:87] H - an [uncursed] towel V - an [uncursed] looking glass [mirror] X - a blessed [+0] unicorn horn Spells known in the end: Name Level Category Fail Memory a - force bolt 1 attack 100% [||||||..] b - slow monster 2 enchantment 100% [||||||||] Your skills at the end: Fighting Skills body armor [Basic / Skilled] shield [Basic / Basic] Weapon Skills flail [Skilled / Expert] sling [Basic / Skilled] Spellcasting Skills Final Attributes: You were piously aligned. Hunger level was 200. Your alignment was 45 / 45. Monster difficulty range was 2 - 12. Level difficulty was 14. You were immune to poison. You were immune to level-drain. You were immune to sickness. You were displaced. You were stealthy. You could fly. You could survive without air. You regenerated. You were lucky (1). You are dead. Vanquished creatures: a lurker above a giant mimic 4 fire giants a wumpus a long worm a stalker a sergeant 2 winter wolves 2 small mimics 3 warhorses a xan a quantum mechanic 2 gelatinous cubes a flaming sphere a shocking sphere a tiger a dwarf king a leocrotta an elf mummy 2 wraiths 5 ettin zombies 3 Grey-elves a succubus 2 chameleons a crocodile 2 giant beetles 2 cockatrices a wolf a winter wolf cub a leprechaun a giant spider 2 scorpions a horse a vampire bat a forest centaur a gnome king a rust monster an owlbear a yeti a Green-elf a lizard a dog a housecat a jaguar 2 dwarf lords 2 blue jellies 3 white unicorns a dust vortex a gnome mummy an ape a snow ant an imp 3 water nymphs 4 mountain nymphs 3 Mordor orcs an orc shaman a rock piercer a rock mole 3 ponies a violet fungus 2 gnome lords a gnomish wizard 2 kobold mummies a guardian naga hatchling a gray ooze a barrow wight an elf zombie a giant ant 2 kittens 6 dwarves a kobold shaman 10 rothes 2 centipedes 2 giant bats an orc zombie a wererat 3 iguanas 5 coyotes a gas spore a hobbit 6 manes a hobgoblin 4 giant rats 8 cave spiders a brown mold a yellow mold 19 gnomes 7 garter snakes 3 gnome zombies 9 geckos 9 jackals 3 foxes 6 goblins 2 sewer rats 9 grid bugs 5 bats 3 lichens 6 kobold zombies 9 newts 248 creatures vanquished. Voluntary challenges: You went without food. You never hit with a wielded weapon. You read items or engraved 11 times. You put on armor 32 times. You never genocided any monsters. You never polymorphed an object. You never changed form. You used no wishes. You abstained from Elbereth's help. You never encountered a bones level. You never used any Sokoban shortcuts. Dungeon overview: The Dungeons of Doom: levels 1 to 14 Level 1 a fountain a long staircase Level 3 a general store Level 4 an altar, some fountains stairs to The Gnomish Mines Level 5 a general store Level 7 a fountain Level 8 many fountains, a sink, some trees Level 9 many fountains Level 10 a fountain stairs to Sokoban Level 11 some fountains, many trees Level 12 a fountain stairs to Town Level 13 many fountains, some trees Level 14 <- You were here a general store The Gnomish Mines: levels 5 to 6 Level 5 stairs to The Dungeons of Doom Sokoban: Level 9 a magic chest stairs to The Dungeons of Doom Town: Level 11 stairs to The Dungeons of Doom History has recorded: On T:1 you entered the Dungeons of Doom to retrieve the Amulet of Yendor! On T:350 you reached level 2 of The Dungeons of Doom. On T:404 you advanced to experience level 2. On T:735 you advanced to experience level 3. On T:908 you reached level 3 of The Dungeons of Doom. On T:1372 you advanced to experience level 4. On T:1392 you reached level 4 of The Dungeons of Doom. On T:1424 you advanced to experience level 5. On T:1702 you reached level 1 of The Gnomish Mines. On T:1833 you advanced to experience level 6. On T:2216 you reached level 2 of The Gnomish Mines. On T:2397 you advanced to experience level 7. On T:2543 you reached level 5 of The Dungeons of Doom. On T:3005 you reached level 6 of The Dungeons of Doom. On T:3032 you advanced to experience level 8. On T:3398 you reached level 7 of The Dungeons of Doom. On T:3811 you reached level 8 of The Dungeons of Doom. On T:4231 you reached level 9 of The Dungeons of Doom. On T:4345 you advanced to experience level 9. On T:4581 you reached level 10 of The Dungeons of Doom. On T:4853 you reached level 3 of Sokoban. On T:4929 you reached level 11 of The Dungeons of Doom. On T:5379 you advanced to experience level 10. On T:6079 you reached level 12 of The Dungeons of Doom. On T:6289 you reached level 3 of Town. On T:6459 you reached level 13 of The Dungeons of Doom. On T:6764 you reached level 14 of The Dungeons of Doom. Latest messages: [HP+1=23] [HP+1=24] The troll strikes at your displaced image and misses you! (3x) [HP+1=25] [HP+1=26] The troll strikes at your displaced image and misses you! (3x) [HP+1=27] The troll thrusts her forked polearm. The troll hits! (2x) The troll bites! [HP-12=15] [HP+1=16] The troll thrusts her forked polearm. The troll hits! (2x) The troll misses. [HP-11=5] The troll strikes at your displaced image and misses you! (3x) The troll thrusts her forked polearm. The troll hits! (2x) You die... Final status: Goodbye Arrhythmia the Convict... You died in The Dungeons of Doom on dungeon level 14 with 28070 points, and 722 pieces of gold, after 7034 moves. You were level 10 with a maximum of 97 hit points when you died.